 Dungeon Crawl Stone Soup version 0.30.1-4-g462c640d31 (webtiles) character file.

Game seed: 17066888836068127854

114632 speciesxxx the Covert (level 16, 113/113 (126) HPs)
             Began as a Gnoll Wanderer on Sept 3, 2023.
             Was an Initiate of Gozag.
             Quit the game on level 3 of the Snake Pit on Sept 4, 2023.
             The game lasted 01:19:12 (30193 turns).

speciesxxx the Covert (Gnoll Wanderer)             Turns: 30193, Time: 01:19:12

HP:   113/113 (126) AC: 20    Str: 17    XL:     16   Next: 66%
MP:   31/31         EV: 22    Int:  9    God:    Gozag
Gold: 209           SH: 23    Dex: 24    Spells: 17/37 levels left

rFire   + . .        d - +9 war axe (elec)
rCold   + . .        K - +4 kite shield {rPois}
rNeg    . . .        a - +4 scale mail "Lyedweru" {Slay+3 Stlth+}
rPois   +            C - +0 hat "Igaur" {Dex+7}
rElec   .            J - +2 cloak of the Final Places {rF+ rC+ rCorr SInv}
rCorr   +            (no gloves)
SInv    +            (no boots)
Will    +....        H - amulet of reflection
Stlth   ++++++       m - +5 ring of evasion
HPRegen 0.38/turn    W - +4 ring of protection
MPRegen 0.22/turn

%: reflection
@: heavily drained
A: fangs 1, strong nose, distributed training
a: Renounce Religion, Potion Petition, Call Merchant, Bribe Branch


You were on level 3 of the Snake Pit.
You worshipped Gozag.
Gozag was aware of your devotion.
You visited 5 branches of the dungeon, and saw 21 of its levels.
You also visited: Ossuary and Bailey.

You collected 9096 gold pieces.
You spent 2389 gold pieces at shops.
You paid 6498 gold pieces to Gozag.

Inventory:

Hand Weapons
 d - a +9 war axe of electrocution (weapon)
 f - the +6 great sword "Newtbane" {heavy, rElec Dex+3}
   (You bought it in a shop on level 2 of the Snake Pit)

   Dex:       It affects your dexterity (+3).
   rElec:     It insulates you from electricity.
 T - the +2 broad axe "Mifa" {flame, rF+ Str+3 SInv Stlth-}
   (You bought it in a shop on level 9 of the Dungeon)

   Str:       It affects your strength (+3).
   rF:        It protects you from fire.
   SInv:      It lets you see invisible.
   Stlth:     It makes you less stealthy.
Missiles
 i - 9 datura-tipped darts
 n - 41 poisoned darts
 G - 5 curare-tipped darts (quivered)
 I - 6 atropa-tipped darts
Armour
 a - the +4 scale mail "Lyedweru" (worn) {Slay+3 Stlth+}
   (You bought it in a shop on level 9 of the Dungeon)

   Slay:      It affects your accuracy & damage with ranged weapons and melee
   (+3).
   Stlth:     It makes you more stealthy.
 l - a +2 tower shield of protection
 C - the +0 hat "Igaur" (worn) {Dex+7}
   (You bought it in a shop on level 9 of the Dungeon)

   Dex:       It affects your dexterity (+7).
 J - the +2 cloak of the Final Places (worn) {rF+ rC+ rCorr SInv}
   (You found it in a bailey)

   rF:        It protects you from fire.
   rC:        It protects you from cold.
   SInv:      It lets you see invisible.
   rCorr:     It protects you from acid and corrosion.
 K - a +4 kite shield of poison resistance (worn)
Jewellery
 g - a ring of flight
 m - a +5 ring of evasion (left hand)
 H - an amulet of reflection (around neck)
 Q - a ring of protection from cold
 R - a ring of resist corrosion
 W - a +4 ring of protection (right hand)
Wands
 b - a wand of roots (6)
 p - a wand of flame (26)
 w - a wand of digging (4)
 F - a wand of polymorph (9)
 L - a wand of paralysis (21)
 N - a wand of acid (4)
Scrolls
 c - 2 scrolls of silence
 h - 3 scrolls of immolation
 k - 5 scrolls of vulnerability
 r - 3 scrolls of identify
 t - 9 scrolls of teleportation
 u - 5 scrolls of fear
 v - a scroll of enchant weapon
 x - 8 scrolls of amnesia
 y - 2 scrolls of fog
 B - 3 scrolls of blinking
 E - 2 scrolls of magic mapping
 O - 2 scrolls of butterflies
 X - a scroll of poison
Potions
 e - a potion of heal wounds
 o - 2 potions of attraction
 q - a potion of haste
 z - 3 potions of magic
 A - 4 potions of brilliance
 D - 2 potions of invisibility
 M - 2 potions of mutation
 S - 2 potions of ambrosia
 V - 2 potions of cancellation
 Y - a potion of resistance
 Z - 2 potions of berserk rage


   Skills:
 + Level 11.4 Fighting
 + Level 11.4 Short Blades
 + Level 11.4 Long Blades
 + Level 11.4 Axes
 + Level 11.4 Maces & Flails
 + Level 11.4 Polearms
 + Level 11.7 Staves
 + Level 11.4 Ranged Weapons
 + Level 11.4 Throwing
 + Level 11.7 Armour
 + Level 11.4 Dodging
 + Level 14.6 Stealth
 + Level 12.3 Shields
 + Level 11.4 Unarmed Combat
 + Level 11.4 Spellcasting
 + Level 9.6 Conjurations
 + Level 9.6 Hexes
 + Level 9.6 Summonings
 + Level 9.6 Necromancy
 + Level 9.6 Translocations
 + Level 9.6 Transmutations
 + Level 9.6 Fire Magic
 + Level 9.6 Ice Magic
 + Level 9.6 Air Magic
 + Level 9.6 Earth Magic
 + Level 9.6 Poison Magic
 + Level 12.7 Invocations
 + Level 11.4 Evocations


You had 17 spell levels left.
You knew the following spells:

 Your Spells              Type           Power      Damage    Failure   Level
a - Blink                 Tloc           44%        N/A       1%          2
b - Call Canine Familiar  Summ           22%        N/A       3%          3
c - Teleport Other        Tloc           22%        N/A       3%          3
d - Inner Flame           Hex/Fire       22%        N/A       3%          3
e - Mephitic Cloud        Conj/Pois/Air  22%        N/A       3%          3
f - Ignite Poison         Fire/Tmut/Pois 22%        N/A       3%          3
g - Vhi's Electric Charg  Tloc/Air       44%        N/A       3%          3

Your spell library contained the following spells:

 Spells                   Type           Power      Damage    Failure   Level
 Freeze                   Ice            88%        1d9       1%          1
 Magic Dart               Conj           88%        1d7       1%          1
 Cigotuvi's Dreadful Rot  Necr/Pois/Air  44%        N/A       1%          2
 Lesser Beckoning         Tloc           44%        N/A       1%          2
 Momentum Strike          Conj/Tloc      44%        3d9       1%          2
 Poisonous Vapours        Pois/Air       44%        N/A       1%          2
 Searing Ray              Conj           44%        2d6       1%          2
 Frozen Ramparts          Ice            44%        1d7       3%          3
 Gell's Gravitas          Tloc           22%        N/A       3%          3
 Hailstorm                Conj/Ice       22%        3d7       3%          3
 Portal Projectile        Hex/Tloc       44%        N/A       3%          3
 Fulminant Prism          Conj/Hex       11%        3d9       12%         4
 Leda's Liquefaction      Hex/Erth       11%        N/A       12%         4
 Petrify                  Tmut/Erth      22%        N/A       12%         4
 Summon Lightning Spire   Summ/Air       22%        N/A       12%         4
 Arcjolt                  Conj/Air       11%        1d21      32%         5
 Freezing Cloud           Conj/Ice/Air   11%        6-21      32%         5
 Metabolic Englaciation   Hex/Ice        11%        N/A       32%         5
 Summon Forest            Summ/Tloc      11%        N/A       32%         5
 Summon Mana Viper        Hex/Summ       22%        N/A       32%         5
 Yara's Violent Unravell  Hex/Tmut       11%        3d6       32%         5
 Plasma Beam              Fire/Air       11%        2x1d24    87%         6
 Statue Form              Tmut/Erth      14%        N/A       87%         6
 Summon Cactus Giant      Summ           11%        N/A       87%         6
 Enfeeble                 Hex            11%        N/A       100%        7
 Storm Form               Tmut/Air       11%        N/A       100%        7
 Maxwell's Capacitive Co  Air            11%        ∞         100%        8
 Chain Lightning          Conj/Air       11%        3d14      100%        9
 Fire Storm               Conj/Fire      11%        8d3       100%        9
 Shatter                  Erth           11%        3d12*     100%        9


Dungeon Overview and Level Annotations

Branches:
Dungeon (10/15)            Temple (1/1) D:4            Lair (5/5) D:9
 Shoals (0/4) Lair:3        Snake (3/4) Lair:2        Slime (0/5) Lair:4
    Orc (2/2) D:10            Elf (0/3) Orc:2       Ossuary (visited)
 Bailey (visited)

Altars:
Ashenzari
Cheibriados
Dithmenos
Elyvilon
Fedhas
Gozag
Hepliaklqana
Kikubaaqudgha
Makhleb
Nemelex Xobeh
Okawaru
Qazlal
Ru
Sif Muna
Trog
Uskayaw
Vehumet
Wu Jian
Xom
Yredelemnul
Zin
The Shining One
Jiyva

Shops:
D:6 =   D:9 [((   Orc:2 :[:=   Snake:2 ((

Annotations:
Snake:3 Nikola, Saint Roka


Innate Abilities, Weirdness & Mutations

You have very sharp teeth.
Your uncanny sense of smell can sniff out nearby items.
Your experience applies equally to all skills.


Message History

Saint Roka invokes the aid of Beogh against you.
Beogh smites you!
* * * LOW HITPOINT WARNING * * *
An orc warrior comes into view. It is wielding a +0 short sword.
The orc warrior misses you.
You feel much better.
An orc warrior comes into view.
It is wielding a +0 glaive and quivering boomerangs of dispersal.
The orc sorcerer is distracted by your dazzling golden aura.
Things that are here:
8 gold pieces; a +0 morningstar; a +0 ring mail The orc is distracted by your dazzling golden aura.
The orc warrior is distracted by your dazzling golden aura.
Saint Roka roars a battlecry!
The orcs go into a battle-frenzy!
The orc warrior shouts!
The orc sorcerer shouts!
The orc shouts!
Things that are here:
a +0 dagger; 3 boomerangs Your surroundings suddenly seem different.
A guardian serpent comes into view.
Unknown command.
You start resting.
Your extra speed is starting to run out.
You start resting.
A guardian serpent is nearby!
You feel yourself slow down.
You start resting.
A guardian serpent is nearby!
You start resting.
HP restored.
Saving game... please wait.
Level annotation: Nikola, Saint Roka Welcome back, speciesxxx the Gnoll Wanderer.
Gozag says: Greed is good.
Press ? for a list of commands and other information.
Save game and exit?
Level annotation: Nikola, Saint Roka Welcome back, speciesxxx the Gnoll Wanderer.
Gozag says: Greed is good.
Press ? for a list of commands and other information.
Are you sure you want to abandon this character and quit the game? (Confirm with "yes".)

##.........#.*,,*
**,*,*#.#
............#,*** ****
*****##.
..........#.#,,*****,,* ##
##.........##,,,,,*,,,*
*#. #..........#*##..,*,,*
#.#
#.####.....#.....,*,,*****
#,#
#...#[.......#**,,***,,,,*
#,# ##.........########*
******** #.# .....####..#
#@.# *,,* #.# ##..## *#.##
##.## **,,* *#. ##.## *..#
##.## *,,** ## #..###..#
###...# *,** #. ##......#
##.....#****,* #.
##......####.....#..#*,**
#.
#..####................*
##. ###.##
##.......###.....* #..
##..# #......##
*###.#######.#


There were no monsters in sight!

Vanquished Creatures
  Vashnia (Snake:2)
  Kirke (Snake:1)
  3 nagarajas (Snake:2)
  Aizul (Snake:1)
  An ettin (Orc:2)
  Harold (D:9)
  4 ogre magi
  2 salamander tyrants
  3 catoblepae
  4 hydras
  2 anacondas
  21 two-headed ogres
  8 naga warriors
  5 death yaks
  8 naga sharpshooters
  4 shock serpents
  2 skysharks (Lair:5)
  A fire crab (Lair:5)
  A salamander mystic (Snake:2)
  Lodul (D:10)
  3 naga ritualists
  7 mana vipers
  An oklob plant (Lair:3)
  2 wolf spiders (Lair:5)
  8 salamanders
  12 elephants
  Joseph (D:9)
  7 naga magi
  29 black mambas
  4 guardian serpents
  16 cane toads
  An unseen horror (D:10)
  9 komodo dragons
  A rime drake (Lair:5)
  2 kobold demonologists (D:10)
  6 trolls
  12 polar bears
  2 hornets (Lair:5)
  Prince Ribbit (D:9)
  11 dream sheep
  2 raiju (Lair:5)
  10 wyverns
  4 shadows (D:10)
  44 yaks
  Grum (D:10)
  A wraith (D:10)
  A basilisk (Lair:5)
  3 steam dragons
  3 redbacks (Lair:5)
  Menkaure (D:7)
  19 nagas
  8 wargs
  15 hell hounds (Lair:5)
  24 water moccasins
  12 black bears
  2 sky beasts (D:7)
  17 orc warriors
  2 ice beasts
  34 ogres
  5 centaurs
  21 wolves
  4 phantoms
  9 kobold brigands
  10 bullfrogs
  A scorpion (D:5)
  8 wights
  2 vampire bats (D:8)
  7 howler monkeys
  A jelly (D:6)
  2 gnoll boudas
  3 hounds
  14 orc priests
  2 iguanas (D:6)
  27 orc wizards
  8 ogre zombies (D:10)
  A mummy (Ossuary)
  2 adders
  10 gnolls
  2 shadow imps (D:5)
  A white imp (D:7)
  An ufetubus (D:4)
  3 worms
  A dart slug (D:2)
  73 orcs
  4 spectral bats (Ossuary)
  8 ball pythons
  3 bat skeletons (D:8)
  3 bat zombies (D:8)
  6 endoplasms
  4 giant cockroaches
  12 gnoll zombies (Ossuary)
  9 goblins
  5 hobgoblins
  2 jackals (D:4)
  16 kobolds
  6 quokkas
  4 bats
  2 bat simulacra (Ossuary)
  4 frilled lizards
  7 goblin simulacra (Ossuary)
  A goblin skeleton (D:10)
  13 goblin zombies
  5 hobgoblin zombies
  A kobold simulacrum (Ossuary)
  3 kobold zombies (Ossuary)
  4 orc skeletons (D:10)
  17 orc zombies
  8 rats
  2 spectral goblins (Ossuary)
  3 spectral kobolds (Ossuary)
  3 spectral rats (Ossuary)
785 creatures vanquished.

Vanquished Creatures (others)
  A wizard (D:3)
  6 humans (Snake:1)
  A sky beast (D:7)
  A butterfly (D:10)
9 creatures vanquished.

Grand Total: 794 creatures vanquished

Notes
Turn   | Place    | Note
-------+----------+-------------------------------------------
     0 | D:1      | Reached skill level 9 in Stealth
     0 | D:1      | speciesxxx the Gnoll Wanderer began the quest for the Orb.
     0 | D:1      | speciesxxx set off with the following items: a +2 dagger, a
                  | potion of berserk rage, a +0 quarterstaff, a +0 buckler, a
                  | potion of heal wounds, a +0 leather armour.
     0 | D:1      | Reached XP level 1. HP: 13/13 MP: 2/2
   151 | D:1      | Reached XP level 2. HP: 19/19 MP: 3/3
   520 | D:1      | Reached XP level 3. HP: 25/25 MP: 4/4
  1124 | D:2      | Reached skill level 1 in Fighting
  1124 | D:2      | Reached skill level 1 in Short Blades
  1124 | D:2      | Reached skill level 1 in Long Blades
  1124 | D:2      | Reached skill level 1 in Axes
  1124 | D:2      | Reached skill level 1 in Maces & Flails
  1124 | D:2      | Reached skill level 1 in Polearms
  1124 | D:2      | Reached skill level 1 in Ranged Weapons
  1124 | D:2      | Reached skill level 1 in Throwing
  1124 | D:2      | Reached skill level 1 in Dodging
  1124 | D:2      | Reached skill level 1 in Unarmed Combat
  1124 | D:2      | Reached skill level 1 in Spellcasting
  1124 | D:2      | Reached skill level 1 in Evocations
  1495 | D:2      | Reached XP level 4. HP: 32/32 MP: 6/6
  1757 | D:3      | Learned a level 2 spell: Blink
  1985 | D:3      | Identified the +8 mace of Purpose {venom, Int+3}
  1994 | D:3      | Reached skill level 1 in Conjurations
  1994 | D:3      | Reached skill level 1 in Hexes
  1994 | D:3      | Reached skill level 1 in Summonings
  1994 | D:3      | Reached skill level 1 in Necromancy
  1994 | D:3      | Reached skill level 1 in Translocations
  1994 | D:3      | Reached skill level 1 in Transmutations
  1994 | D:3      | Reached skill level 1 in Fire Magic
  1994 | D:3      | Reached skill level 1 in Ice Magic
  1994 | D:3      | Reached skill level 1 in Air Magic
  1994 | D:3      | Reached skill level 1 in Earth Magic
  1994 | D:3      | Reached skill level 1 in Poison Magic
  2437 | D:3      | Found a bloodstained altar of Trog.
  2440 | D:3      | Noticed a wizard
  2446 | D:3      | Killed a wizard
  2484 | D:4      | Reached XP level 5. HP: 37/37 MP: 7/7
  2504 | D:4      | Found a staircase to the Ecumenical Temple.
  2545 | D:4      | Found a sand-covered staircase.
  2564 | Ossuary  | Entered an ossuary
  2786 | Ossuary  | Reached XP level 6. HP: 44/44 MP: 8/8
  2970 | D:4      | Reached skill level 5 in Shields
  3009 | Temple   | Entered the Ecumenical Temple
  3208 | Temple   | Became a worshipper of Gozag Ym Sagoz the Greedy
  3274 | D:4      | Found an ornate altar of the Wu Jian Council.
  3419 | D:4      | Found a hazy altar of Hepliaklqana.
  3624 | D:5      | Entered Level 5 of the Dungeon
  3681 | D:5      | Reached XP level 7. HP: 47/50 MP: 6/10
  4093 | D:5      | Reached skill level 10 in Stealth
  4245 | D:5      | Found an iron altar of Okawaru.
  4799 | D:6      | Reached XP level 8. HP: 56/58 MP: 12/12
  5027 | D:6      | Found Reroser's Jewellery Boutique.
  5228 | D:6      | Found a blossoming altar of Fedhas.
  5440 | D:6      | Found a stormy altar of Qazlal.
  5501 | D:7      | Found a flagged portal.
  5511 | Bailey   | Entered a bailey
  5631 | Bailey   | Reached skill level 5 in Invocations
  5699 | Bailey   | Reached XP level 9. HP: 53/65 MP: 15/15
  5789 | Bailey   | Reached skill level 5 in Staves
  5789 | Bailey   | Reached skill level 5 in Armour
  5843 | Bailey   | Found an iron altar of Okawaru.
  5873 | Bailey   | Identified the +2 cloak of the Final Places {rF+ rC+ rCorr
                  | SInv}
  6741 | D:7      | Noticed Menkaure
  6748 | D:7      | Killed Menkaure
  6749 | D:7      | Reached skill level 5 in Fighting
  6749 | D:7      | Reached skill level 5 in Short Blades
  6749 | D:7      | Reached skill level 5 in Long Blades
  6749 | D:7      | Reached skill level 5 in Axes
  6749 | D:7      | Reached skill level 5 in Maces & Flails
  6749 | D:7      | Reached skill level 5 in Polearms
  6749 | D:7      | Reached skill level 5 in Ranged Weapons
  6749 | D:7      | Reached skill level 5 in Throwing
  6749 | D:7      | Reached skill level 5 in Dodging
  6749 | D:7      | Reached skill level 5 in Unarmed Combat
  6749 | D:7      | Reached skill level 5 in Spellcasting
  6749 | D:7      | Reached skill level 5 in Evocations
  6749 | D:7      | Reached XP level 10. HP: 49/74 MP: 16/17
  6862 | D:7      | Learned a level 3 spell: Call Canine Familiar
  6887 | D:7      | Found a basalt altar of Yredelemnul.
  7869 | D:8      | Reached skill level 11 in Stealth
  8062 | D:8      | Found a large runed translucent door.
  8065 | D:8      | Found a large runed translucent door.
  8096 | D:8      | Found a broken altar of Ashenzari.
  8099 | D:8      | Found a hide-covered altar of Uskayaw.
  8129 | D:8      | Found an ancient bone altar of Kikubaaqudgha.
  8303 | D:9      | Found a staircase to the Lair.
  8304 | D:9      | Noticed Prince Ribbit
  8310 | D:9      | Killed Prince Ribbit
  8350 | D:9      | Noticed a two-headed ogre
  8371 | D:9      | Killed a two-headed ogre
  8410 | D:9      | Noticed Harold
  8449 | D:9      | Noticed Joseph
  9004 | D:9      | Found Xicid's Antique Weapon Emporium.
  9289 | D:9      | Killed Harold
  9290 | D:9      | Reached skill level 5 in Conjurations
  9290 | D:9      | Reached skill level 5 in Hexes
  9290 | D:9      | Reached skill level 5 in Summonings
  9290 | D:9      | Reached skill level 5 in Necromancy
  9290 | D:9      | Reached skill level 5 in Translocations
  9290 | D:9      | Reached skill level 5 in Transmutations
  9290 | D:9      | Reached skill level 5 in Fire Magic
  9290 | D:9      | Reached skill level 5 in Ice Magic
  9290 | D:9      | Reached skill level 5 in Air Magic
  9290 | D:9      | Reached skill level 5 in Earth Magic
  9290 | D:9      | Reached skill level 5 in Poison Magic
  9290 | D:9      | Reached XP level 11. HP: 81/81 MP: 19/20
  9326 | D:9      | Killed Joseph
  9704 | D:9      | Bought a crude dagger for 203 gold pieces
  9704 | D:9      | Identified the +4 dagger of Benuzeodgh {freeze, *Rage
                  | +Blink rElec rCorr SInv} (You bought it in a shop on level
                  | 9 of the Dungeon)
  9704 | D:9      | Bought a crystal broad axe for 261 gold pieces
  9704 | D:9      | Identified the +2 broad axe "Mifa" {flame, rF+ Str+3 SInv
                  | Stlth-} (You bought it in a shop on level 9 of the Dungeon)
  9710 | Lair:1   | Entered Level 1 of the Lair of Beasts
  9958 | Lair:1   | You fall into a shaft and drop 1 floor!
 10168 | Lair:2   | Noticed a seven-headed hydra
 10211 | Lair:2   | Found a staircase to the Snake Pit.
 10586 | Lair:1   | Learned a level 3 spell: Teleport Other
 11960 | Lair:2   | Reached XP level 12. HP: 62/91 MP: 16/22
 12411 | Lair:2   | Killed a three-headed hydra
 12412 | Lair:2   | Reached skill level 12 in Stealth
 12422 | Lair:2   | Noticed a seven-headed hydra
 12825 | Lair:2   | Killed a one-headed hydra
 13093 | Lair:3   | Found a staircase to the Shoals.
 13458 | Lair:3   | Noticed a catoblepas
 13820 | Lair:3   | Killed a catoblepas
 13899 | Lair:3   | Learned a level 3 spell: Inner Flame
 14183 | Lair:4   | Noticed an eight-headed hydra
 14195 | Lair:4   | Killed a two-headed hydra
 14485 | Lair:4   | Found a viscous altar of Jiyva.
 14486 | Lair:4   | Found a staircase to the Slime Pits.
 14862 | Lair:4   | Reached XP level 13. HP: 71/98 MP: 17/25
 15238 | Lair:5   | Entered Level 5 of the Lair of Beasts
 15490 | Lair:5   | Found a radiant altar of Vehumet.
 16460 | Lair:5   | Reached skill level 10 in Shields
 16460 | Lair:5   | Reached skill level 10 in Invocations
 16990 | Lair:5   | Reached skill level 13 in Stealth
 17127 | Lair:5   | Reached XP level 14. HP: 33/108 MP: 11/27
 18326 | Lair:5   | Learned a level 3 spell: Mephitic Cloud
 18330 | Lair:5   | Learned a level 3 spell: Ignite Poison
 19625 | Lair:5   | Reached skill level 10 in Staves
 19625 | Lair:5   | Reached skill level 10 in Armour
 19792 | D:9      | Bought a masterwork scale mail for 252 gold pieces
 19792 | D:9      | Identified the +4 scale mail "Lyedweru" {Slay+3 Stlth+}
                  | (You bought it in a shop on level 9 of the Dungeon)
 19792 | D:9      | Bought a smouldering hat for 252 gold pieces
 19792 | D:9      | Identified the +0 hat "Igaur" {Dex+7} (You bought it in a
                  | shop on level 9 of the Dungeon)
 19792 | D:9      | Bought a glowing kite shield for 210 gold pieces
 19840 | D:10     | Entered Level 10 of the Dungeon
 19840 | D:10     | Found a staircase to the Orcish Mines.
 19865 | D:10     | Noticed Grum
 19884 | D:10     | Killed Grum
 20206 | D:10     | Found a white marble altar of Elyvilon.
 20299 | D:10     | Found a shimmering altar of Xom.
 20299 | D:10     | Found a shimmering altar of Xom.
 20300 | D:10     | Found a shimmering altar of Xom.
 20300 | D:10     | Found a shimmering altar of Xom.
 20302 | D:10     | Found a shimmering altar of Xom.
 20415 | D:10     | Noticed Lodul
 20439 | D:10     | Killed Lodul
 21333 | Orc:1    | Entered Level 1 of the Orcish Mines
 21886 | Orc:1    | Learned a level 3 spell: Vhi's Electric Charge
 21927 | Orc:2    | Entered Level 2 of the Orcish Mines
 21953 | Orc:2    | Reached skill level 10 in Fighting
 21953 | Orc:2    | Reached skill level 10 in Short Blades
 21953 | Orc:2    | Reached skill level 10 in Long Blades
 21953 | Orc:2    | Reached skill level 10 in Axes
 21953 | Orc:2    | Reached skill level 10 in Maces & Flails
 21953 | Orc:2    | Reached skill level 10 in Polearms
 21953 | Orc:2    | Reached skill level 10 in Ranged Weapons
 21953 | Orc:2    | Reached skill level 10 in Throwing
 21953 | Orc:2    | Reached skill level 10 in Dodging
 21953 | Orc:2    | Reached skill level 10 in Unarmed Combat
 21953 | Orc:2    | Reached skill level 10 in Spellcasting
 21953 | Orc:2    | Reached skill level 10 in Evocations
 22098 | Orc:1    | Reached XP level 15. HP: 64/115 MP: 29/29
 22552 | Orc:2    | Found Tyklux's Antique Armour Emporium.
 22552 | Orc:2    | Found Favurosch's Jewellery Shop.
 22553 | Orc:2    | Found Kaimetru's Book Boutique.
 22553 | Orc:2    | Found Nosooxt's Book Emporium.
 22768 | Orc:2    | Bought a dull robe for 165 gold pieces
 22768 | Orc:2    | Identified the +2 robe "Pougudaiz" {rN+ Will+ Slay-2
                  | Stlth+} (You bought it in a shop on level 2 of the Orcish
                  | Mines)
 23023 | Orc:2    | Found a staircase to the Elven Halls.
 23382 | Snake:1  | Entered Level 1 of the Snake Pit
 23485 | D:9      | Bought a glowing war axe for 188 gold pieces
 23598 | Snake:1  | Noticed Aizul
 23631 | Snake:1  | Killed Aizul
 23632 | Snake:1  | Reached skill level 14 in Stealth
 23952 | Snake:1  | Noticed Kirke
 23972 | Snake:1  | Killed Kirke
 25704 | Snake:2  | Reached XP level 16. HP: 105/124 MP: 30/30
 26091 | Snake:2  | Bought a bloodstained war axe for 221 gold pieces
 26091 | Snake:2  | Identified the +3 war axe of Nepsudawk {heavy, rF+ Str+2
                  | Dex+4} (You bought it in a shop on level 2 of the Snake
                  | Pit)
 26091 | Snake:2  | Bought a runed war axe for 169 gold pieces
 26091 | Snake:2  | Bought a glowing war axe for 169 gold pieces
 26101 | Snake:2  | Bought a crystal great sword for 299 gold pieces
 26101 | Snake:2  | Identified the +6 great sword "Newtbane" {heavy, rElec
                  | Dex+3} (You bought it in a shop on level 2 of the Snake
                  | Pit)
 26142 | Snake:2  | Noticed a nagaraja
 26156 | Snake:2  | Killed a nagaraja
 26555 | Snake:2  | Noticed a nagaraja
 26568 | Snake:2  | Killed a nagaraja
 26674 | Snake:2  | Noticed a nagaraja
 26686 | Snake:2  | Killed a nagaraja
 27352 | Snake:2  | Noticed Vashnia
 28007 | Snake:2  | Killed Vashnia
 29146 | Snake:3  | Identified the +0 pair of gloves of Intuition {Harm rPois
                  | Will- Dex+6}
 29146 | Snake:3  | Noticed Nikola
 29556 | Snake:3  | Noticed Saint Roka
 29944 | Snake:3  | HP: 2/113 [Saint Roka/divine providence (12)]
 30193 | Snake:3  | Quit the game

Illustrated notes

Levels and vault maps discovered:
D:1:      amcnicky_arrival_gap_in_the_tavern_cellar, layout_basic
D:2:      layout_loops_cross, grunt_decor_cap, minmay_misc_feat_pillars,
          chequers_serial_rivers_small_b
D:3:      layout_loops_ring, trog_wizard, minmay_statues_item
D:4:      layout_basic, nzn_wu_jian_council_hall, nzn_hepliaklqana_mist_gate,
          minmay_temple_entry_statues, nicolae_ossuary_entry_ruins
D:5:      layout_cave_pools, amcnicky_altar_gilded, moated_statue, st_stairs_14
D:6:      layout_rooms, fedhas_ov_isle_minmay, general_overflow_altar,
          serial_shops, shop, hangedman_decor_points
D:7:      layout_loops_ring, mainiacjoe_overflow_six_doors_small,
          enter_bailey_2, minmay_holes, minmay_hedge_maze, grunt_potential,
          uniq_menkaure
D:8:      layout_rooms, kennysheep_vampire_church, jmf_multi_god_temple2
D:9:      layout_stronghold, dpeg_oklobed_lair, serial_shops, shop,
          uniq_prince_ribbit1, uniq_harold, uniq_joseph
D:10:     layout_stronghold, xom_redecorated, nicolae_elyvilon_peaceful_grove,
          zombieorc2_lemuel, minmay_fractal_squares_diagonal_5, uniq_lodul,
          uniq_grum
Temple:   hellmonk_temple_beads
Lair:1:   layout_cave_pods, serial_bayou_shore_b
Lair:2:   layout_cave_pods, guppyfry_snake_entry_garden,
          eino_small_chamber_without_monster, beast_lair_carwin_5,
          grunt_megastairs_3, lemuel_fruit_fields, infiniplex_staircase_pool
Lair:3:   layout_loops_ring, minmay_shoals_entry_centaurs
Lair:4:   layout_regular_city, slime_entry_1, beast_lair_carwin_3
Lair:5:   hangedman_lair_tendril_chambers, layout_gridlike,
          hangedman_lair_caniforms_friends, basic_altar, minivault_24
Snake:1:  layout_misc_corridors, nicolae_snake_round_shape_thing, uniq_aizul,
          uniq_kirke
Snake:2:  layout_layer_cave, uniq_vashnia
Snake:3:  layout_layer_cave, grunt_megastairs_1, serial_bayou_shore_b,
          uniq_saint_roka, uniq_nikola, uniq_mara
Orc:1:    layout_caves, nicolae_orc_flooded_monolith, library_closet
Orc:2:    st_orc_ogre_mass, layout_caves, guppyfry_library_mini

Skill      XL: |  1  2  3  4  5  6  7  8  9 10 11 12 13 14 15 16 |
---------------+-------------------------------------------------+-----
Stealth        | 10 11 12 13 14 | 14.6
Fighting       | 1 2 3 4 5 6 7 8 9 10 11 | 11.4
Short Blades   | 1 2 3 4 5 6 7 8 9 10 11 | 11.4
Long Blades    | 1 2 3 4 5 6 7 8 9 10 11 | 11.4
Axes           | 1 2 3 4 5 6 7 8 9 10 11 | 11.4
Maces & Flails | 1 2 3 4 5 6 7 8 9 10 11 | 11.4
Polearms       | 1 2 3 4 5 6 7 8 9 10 11 | 11.4
Ranged Weapons | 1 2 3 4 5 6 7 8 9 10 11 | 11.4
Throwing       | 1 2 3 4 5 6 7 8 9 10 11 | 11.4
Dodging        | 1 2 3 4 5 6 7 8 9 10 11 | 11.4
Unarmed Combat | 1 2 3 4 5 6 7 8 9 10 11 | 11.4
Spellcasting   | 1 2 3 4 5 6 7 8 9 10 11 | 11.4
Evocations     | 1 2 3 4 5 6 7 8 9 10 11 | 11.4
Conjurations   | 1 2 3 4 5 6 7 8 9 |  9.6
Hexes          | 1 2 3 4 5 6 7 8 9 |  9.6
Summonings     | 1 2 3 4 5 6 7 8 9 |  9.6
Necromancy     | 1 2 3 4 5 6 7 8 9 |  9.6
Translocations | 1 2 3 4 5 6 7 8 9 |  9.6
Transmutations | 1 2 3 4 5 6 7 8 9 |  9.6
Fire Magic     | 1 2 3 4 5 6 7 8 9 |  9.6
Ice Magic      | 1 2 3 4 5 6 7 8 9 |  9.6
Air Magic      | 1 2 3 4 5 6 7 8 9 |  9.6
Earth Magic    | 1 2 3 4 5 6 7 8 9 |  9.6
Poison Magic   | 1 2 3 4 5 6 7 8 9 |  9.6
Invocations    | 3 4 5 6 7 8 9 10 11 12 | 12.7
Staves         | 3 4 5 6 7 8 9 10 11 | 11.7
Armour         | 3 4 5 6 7 8 9 10 11 | 11.7
Shields        | 5 6 7 8 9 10 11 12 | 12.3

Action                     |  1- 3 |  4- 6 |  7- 9 | 10-12 | 13-15 | 16-18 || total
---------------------------+-------+-------+-------+-------+-------+-------++-------
  Melee: Dagger            |   123 |    24 |   454 |   673 |       |       ||  1274
         Bite              |    12 |    20 |    65 |   152 |   188 |    60 ||   497
         Mace              |       |   160 |    47 |       |       |       ||   207
         Unarmed           |       |       |    14 |       |       |       ||    14
         Broad axe         |       |       |       |   207 |  1322 |    46 ||  1575
         War axe           |       |       |       |       |       |   288 ||   288
  Throw: Stone             |     2 |       |       |       |       |       ||     2
         Dart              |       |     1 |    11 |    18 |     2 |       ||    32
   Cast: Vhi's Electric Ch |       |       |       |       |       |     6 ||     6
 Invoke: Potion Petition   |       |       |     1 |     2 |     3 |     3 ||     9
         Call Merchant     |       |       |       |     1 |     1 |     2 ||     4
  Evoke: Wand              |       |       |       |     1 |       |       ||     1
    Use: Scroll            |       |     8 |    10 |     6 |     8 |    13 ||    45
         Potion            |       |       |     4 |     7 |     6 |     4 ||    21
   Stab: Sleeping          |    20 |    21 |     4 |    16 |    16 |     4 ||    81
         Distracted        |       |     1 |     5 |     5 |    14 |     2 ||    27
         Confused          |       |       |     1 |       |       |       ||     1
         Invisible         |       |       |       |     2 |     7 |       ||     9
 Armour: Leather armour    |    12 |       |       |   174 |   197 |       ||   383
         Ring mail         |    13 |    33 |    95 |    15 |       |       ||   156
         Skin              |       |       |     1 |       |       |       ||     1
         Scale mail        |       |       |       |       |   106 |    34 ||   140
  Dodge: Dodged            |    31 |   107 |   254 |   527 |  1194 |   108 ||  2221
  Block: Buckler           |    19 |    41 |   140 |   280 |   382 |       ||   862
         Kite shield       |       |       |       |       |   559 |   341 ||   900
         Reflection        |       |       |       |       |    15 |    58 ||    73
